 Dungeon Crawl Stone Soup version 0.23-a0-315-ga85b81c (webtiles) character file.

15705 Amnesiac the Fetichist (level 12, -8/99 HPs)
             Began as a Deep Dwarf Artificer on Oct 13, 2018.
             Was an Initiate of Gozag.
             Mangled by a polar bear (17 damage)
             ... in an ice cave.
             The game lasted 00:50:02 (12727 turns).

Amnesiac the Fetichist (Deep Dwarf Artificer)      Turns: 12727, Time: 00:50:02

Health: -8/99      AC: 16    Str: 21    XL:     12   Next: 3%
Magic:  0/0        EV:  8    Int:  9    God:    Gozag
Gold:   744        SH: 11    Dex: 13    Spells: 8/11 levels left

rFire    . . .     SeeInvis .   a - +3 dagger
rCold    . . .     Gourm    .   C - +0 shield
rNeg     + . .     Faith    .   E - +0 chain mail
rPois    .         Spirit   .   k - +0 helmet
rElec    .         Reflect  .   h - +2 cloak {MR+}
rCorr    .         Harm     .   (no gloves)
MR       ++...                  m - +1 pair of boots
Stlth    +.........             (no amulet)
HPRegen  0.00/turn              c - ring of positive energy
MPRegen  0.07/turn              z - -3 ring of intelligence (curse)

@: non-regenerating
A: damage resistance, heal wounds, sense surroundings 2, no regeneration
a: Heal Wounds, Potion Petition, Call Merchant, Bribe Branch, Renounce Religion


You were in an ice cave.
You worshipped Gozag.
Gozag was pleased with you.
You were full.

You visited 2 branches of the dungeon, and saw 12 of its levels.
You also visited: Ice Cave.

You collected 1775 gold pieces.
You paid 1031 gold pieces to Gozag.

Inventory:

Hand Weapons
 a - a +3 dagger (weapon)
 b - a +0 hunting sling
Missiles
 s - 407 stones (quivered)
 A - 62 sling bullets
Armour
 h - a +2 cloak of magic resistance (worn)
 k - a +0 helmet (worn)
 m - a +1 pair of boots (worn)
 r - a scarf of resistance
 C - a +0 shield (worn)
 E - a +0 chain mail (worn)
 F - a scarf of cloud immunity
Jewellery
 c - a ring of positive energy (left hand)
 p - an uncursed ring of flight
 z - a cursed -3 ring of intelligence (right hand)
Wands
 B - a wand of flame (1)
 L - a wand of digging (1)
Scrolls
 e - a scroll of amnesia {!r}
 n - 3 scrolls of magic mapping {!r}
 o - 6 scrolls of teleportation {!r}
 q - 4 scrolls of enchant weapon {!r}
 t - 4 scrolls of remove curse {!r}
 y - a scroll of immolation {!r}
 I - a scroll of blinking {!r}
Potions
 d - 3 potions of heal wounds {!q}
 g - 4 potions of might {!q}
 i - 2 potions of brilliance {!q}
 j - a potion of berserk rage {!q}
 l - 2 potions of haste {!q}
 u - 2 potions of flight {!q}
 w - a potion of resistance {!q}
 x - a potion of mutation {!q}
 D - a potion of agility {!q}
 H - a potion of cancellation {!q}
 J - a potion of invisibility {!q}
Comestibles
 f - 22 rations


   Skills:
 - Level 4.0 Fighting
 - Level 8.0 Short Blades
 - Level 4.3 Armour
 - Level 4.3 Dodging
 - Level 8.0 Stealth
 + Level 8.3 Shields
 - Level 3.2 Necromancy
 * Level 15.9 Evocations


You had 8 spell levels left.
You knew the following spells:

 Your Spells              Type           Power        Failure   Level  Hunger
d - Vampiric Draining     Necr           #.........   100%        3    ####...

Your spell library contained the following spells:

 Spells                   Type           Power        Failure   Level  Hunger
 Animate Skeleton         Necr           N/A          92%         1    ##.....
 Pain                     Necr           #...         92%         1    ##.....
 Animate Dead             Necr           N/A          100%        4    #####..
 Regeneration             Chrm/Necr      Unusable     N/A         3    N/A

Dungeon Overview and Level Annotations

Branches:
Dungeon (11/15)            Temple (1/1) D:7
   Lair: D:8-11         Orc: D:9-12

Altars:
Ashenzari
Cheibriados
Dithmenos
Elyvilon
Fedhas
Gozag
Hepliaklqana
Kikubaaqudgha
Makhleb
Nemelex Xobeh
Okawaru
Qazlal
Ru
Sif Muna
Trog
Uskayaw
Vehumet
Wu Jian
Xom
Yredelemnul
Zin
The Shining One

Shops:
D:8 }   D:10 :

Annotations:
D:7 2 transporters, George's ghost, novice MiFi IceCv exclusion: ice statue


Innate Abilities, Weirdness & Mutations

You are resistant to damage.
You can heal yourself by infusing magical energy.
You passively map the area around you.
You do not regenerate.


Message History

You block the polar bear's attack. x2
The polar bear claws you but does no damage. x2
Evoke which item? (* to show all) (? for menu, Esc to quit)
Aiming: Throw Flame
Press: ? - help, Shift-Dir - straight line, f/p - polar bear
Aim: a polar bear (almost dead, berserk, fast, unusually strong)
The puff of flame hits the polar bear.
The polar bear appears unharmed.
The polar bear is almost dead.
The polar bear bites you!!
* * * LOW HITPOINT WARNING * * *
You block the polar bear's attack. x2
Evoke which item? (* to show all) (? for menu, Esc to quit)
Aiming: Throw Flame
Press: ? - help, Shift-Dir - straight line, f/p - polar bear
Aim: a polar bear (severely wounded, berserk, fast, unusually strong)
The puff of flame hits the polar bear.
The polar bear is almost dead.
The polar bear closely misses you. You block the polar bear's attack.
The polar bear barely misses you. The polar bear bites you.
* * * LOW HITPOINT WARNING * * *
The polar bear claws you.
* * * LOW HITPOINT WARNING * * *
You block the polar bear's attack.
Evoke which item? (* to show all) (? for menu, Esc to quit)
Aiming: Throw Flame
Press: ? - help, Shift-Dir - straight line, f/p - polar bear
Aim: a polar bear (severely wounded, berserk, fast, unusually strong)
The puff of flame hits the polar bear.
The polar bear is almost dead.
The polar bear bites you!
* * * LOW HITPOINT WARNING * * *
The polar bear claws you but does no damage.
The polar bear barely misses you.
Evoke which item? (* to show all) (? for menu, Esc to quit)
Aiming: Throw Flame
Press: ? - help, Shift-Dir - straight line, f/p - polar bear
Aim: a polar bear (almost dead, berserk, fast, unusually strong)
The puff of flame hits the polar bear.
The polar bear appears unharmed.
The polar bear is almost dead.
You block the polar bear's attack.
The polar bear claws you but does no damage.
You block the polar bear's attack. The polar bear bites you!
* * * LOW HITPOINT WARNING * * *
The polar bear claws you but does no damage. x2
Evoke which item? (* to show all) (? for menu, Esc to quit)
Aiming: Throw Flame
Press: ? - help, Shift-Dir - straight line, f/p - polar bear
Aim: a polar bear (almost dead, berserk, fast, unusually strong)
The puff of flame hits the polar bear.
The polar bear appears unharmed.
The polar bear is almost dead.
You block the polar bear's attack. x2; The polar bear claws you.
* * * LOW HITPOINT WARNING * * *
Evoke which item? (* to show all) (? for menu, Esc to quit)
Aiming: Throw Flame
Press: ? - help, Shift-Dir - straight line, f/p - polar bear
Aim: a polar bear (almost dead, berserk, fast, unusually strong)
The puff of flame hits the polar bear.
The polar bear is almost dead.
The polar bear bites you!
* * * LOW HITPOINT WARNING * * *
The polar bear claws you but does no damage.
You block the polar bear's attack. The polar bear bites you!!
You die...
Your body crumbles into a pile of gold.

######
#...... * *
####hh..# ,
####.@hY# ,
###....####
*
###....###
≈≈ * *
###....###*
* ≈ *
#....### ≈≈
≈≈≈≈ #..###
≈≈≈ ≈≈
##..####
≈≈≈ ≈ ≈ ≈
##....####
≈ ≈ ≈ *
##......###
≈ * **


You could see 3 polar bears and a yak.

Vanquished Creatures
  Harold (D:7)
  3 two-headed ogres
  An ugly thing (D:11)
  A gargoyle (D:8)
  8 polar bears (IceCv)
  2 trolls
  A hornet (D:11)
  Sigmund (D:5)
  8 yaks
  A human (D:10)
  Menkaure (D:7)
  A hungry ghost (D:11)
  3 hogs (D:10)
  15 soldier ants
  A porcupine (D:11)
  A water moccasin (D:4)
  A black bear (D:7)
  An orc warrior (D:11)
  An ice beast (D:7)
  5 sky beasts
  A phantom (D:7)
  An ogre (D:7)
  6 wolves (IceCv)
  4 centaurs
  12 bullfrogs
  A wyvern zombie (D:9)
  A scorpion (D:9)
  4 killer bees (D:7)
  5 howler monkeys
  5 crimson imps
  A centaur zombie (D:8)
  4 jellies
  Crazy Yiuf (D:5)
  9 orc wizards
  A hound (D:11)
  4 bullfrog skeletons
  4 centaur skeletons
  7 orc priests
  6 iguanas
  31 worker ants
  A hound zombie (D:6)
  Robin (D:2)
  4 gnolls (D:5)
  10 adders
  2 shadow imps
  A white imp (D:4)
  An ooze (D:6)
  6 worms
  4 dart slugs
  4 leopard geckos
  21 orcs
  9 bats
  5 giant cockroaches
  15 goblins
  12 hobgoblins
  2 jackals
  7 kobolds
  4 quokkas
  3 ball pythons
  6 frilled lizards
  A giant cockroach zombie (D:5)
  A goblin skeleton (D:4)
  A goblin zombie (D:4)
  4 hobgoblin zombies (D:4)
  A kobold skeleton (D:4)
  A kobold zombie (D:4)
  A leopard gecko skeleton (D:5)
  2 orc skeletons (D:4)
  A quokka zombie (D:7)
  6 rats
302 creatures vanquished.

Vanquished Creatures (collateral kills)
  A troll (D:9)
  2 yaks (IceCv)
  A soldier ant (D:8)
  An orc warrior (D:10)
  A black bear (D:9)
  3 killer bees (D:10)
  A centaur zombie (D:9)
  An orc priest (D:9)
  An orc wizard (D:9)
  3 worker ants (D:8)
  An adder (D:9)
  2 orcs (D:9)
18 creatures vanquished.

Vanquished Creatures (others)
  A queen ant (D:8)
  A polar bear (IceCv)
  2 killer bees (D:10)
  A centaur skeleton (D:10)
  An orc (D:5)
  A goblin zombie (D:4)
  14 fungi (D:11)
  6 plants (D:11)
27 creatures vanquished.

Grand Total: 347 creatures vanquished

Notes
Turn   | Place    | Note
-------+----------+-------------------------------------------
     0 | D:1      | Amnesiac the Deep Dwarf Artificer began the quest for the
                  | Orb.
     0 | D:1      | Reached XP level 1. HP: 16/16 MP: 3/3
    71 | D:1      | Reached skill level 1 in Armour
   108 | D:1      | Reached XP level 2. HP: 21/24 MP: 5/5
   304 | D:1      | Reached skill level 1 in Short Blades
   646 | D:1      | Reached XP level 3. HP: 20/30 MP: 6/6
  1121 | D:2      | Found a sparkling altar of Nemelex Xobeh.
  1246 | D:2      | Noticed a moth of wrath
  1264 | D:2      | Noticed Robin
  1271 | D:2      | Killed Robin
  1338 | D:2      | Reached XP level 4. HP: 16/37 MP: 7/7
  1978 | D:3      | Reached skill level 5 in Evocations
  2264 | D:3      | Reached skill level 1 in Fighting
  2320 | D:3      | Reached XP level 5. HP: 18/44 MP: 7/9
  2588 | D:3      | Reached skill level 6 in Evocations
  2969 | D:4      | Reached skill level 7 in Evocations
  3014 | D:3      | Reached XP level 6. HP: 18/51 MP: 10/10
  3148 | D:3      | Reached skill level 8 in Evocations
  3319 | D:5      | Entered Level 5 of the Dungeon
  3342 | D:4      | Found a glowing golden altar of the Shining One.
  3668 | D:5      | Noticed a water moccasin
  3767 | D:4      | Killed a water moccasin
  3767 | D:4      | Reached skill level 9 in Evocations
  3767 | D:4      | Reached XP level 7. HP: 22/57 MP: 12/12
  4098 | D:5      | Found an ancient bone altar of Kikubaaqudgha.
  4136 | D:5      | Noticed Sigmund
  4154 | D:5      | Killed Sigmund
  4154 | D:5      | Reached skill level 10 in Evocations
  4175 | D:5      | Reached skill level 11 in Evocations
  4411 | D:5      | Reached XP level 8. HP: 22/64 MP: 15/15
  4455 | D:5      | Found a runed door.
  4888 | D:6      | Reached skill level 12 in Evocations
  5573 | D:7      | Noticed Harold
  5596 | D:7      | Killed Harold
  5596 | D:7      | Gained mutation: You passively map the area around you.
                  | [Deep Dwarf growth]
  5596 | D:7      | Reached XP level 9. HP: 44/74 MP: 16/16
  5802 | D:7      | Noticed Menkaure
  5822 | D:7      | Found a stormy altar of Qazlal.
  5828 | D:7      | Found a hide-covered altar of Uskayaw.
  5828 | D:7      | Found a bloodstained altar of Trog.
  5832 | D:7      | Found a glowing silver altar of Zin.
  5919 | D:7      | Noticed a two-headed ogre
  5938 | D:7      | Reached skill level 5 in Short Blades
  5948 | D:7      | Found a transporter.
  5952 | D:7      | Noticed George's ghost (novice MiFi)
  5953 | D:7      | Found a transporter.
  5985 | D:7      | Found a staircase to the Ecumenical Temple.
  5996 | Temple   | Entered the Ecumenical Temple
  6216 | Temple   | Became a worshipper of Gozag Ym Sagoz the Greedy
  6305 | D:7      | Reached skill level 5 in Stealth
  6305 | D:7      | Killed Menkaure
  6769 | D:2      | Found a bloodstained altar of Trog.
  6923 | D:5      | Noticed Crazy Yiuf
  6967 | D:5      | Killed Crazy Yiuf
  7439 | D:8      | Reached XP level 10. HP: 54/85 MP: 16/16
  7616 | D:8      | Noticed a gargoyle
  7638 | D:8      | Killed a gargoyle
  8306 | D:8      | Reached skill level 1 in Shields
  8507 | D:8      | Noticed a queen ant
  9288 | D:8      | Learned a level 3 spell: Vampiric Draining
  9749 | D:9      | Reached skill level 5 in Shields
 10497 | D:10     | Entered Level 10 of the Dungeon
 10546 | D:10     | Found a blossoming altar of Fedhas.
 10633 | D:10     | Noticed a two-headed ogre
 10656 | D:10     | Reached skill level 1 in Necromancy
 10656 | D:10     | Reached skill level 13 in Evocations
 10660 | D:10     | Killed a two-headed ogre
 10660 | D:10     | Reached XP level 11. HP: 25/92 MP: 10/10
 10973 | D:10     | Found Ucykan's Book Shop.
 11454 | D:11     | Noticed a two-headed ogre
 11471 | D:11     | Killed a two-headed ogre
 11533 | D:11     | Noticed a two-headed ogre
 11545 | D:11     | Reached skill level 14 in Evocations
 11548 | D:11     | Killed a two-headed ogre
 11641 | D:11     | Noticed a green ugly thing
 11651 | D:11     | Killed a green ugly thing
 11728 | D:11     | Found a frozen archway.
 11746 | IceCv    | Entered an ice cave
 11780 | IceCv    | Reached skill level 15 in Evocations
 12052 | IceCv    | HP: 4/92 [polar bear (14)]
 12221 | IceCv    | HP: 4/92 [polar bear (13)]
 12622 | IceCv    | Reached XP level 12. HP: 37/99 MP: 1/1
 12727 | IceCv    | Mangled by a polar bear

Vault maps used:
D:1:      minmay_arrival_doors, minmay_pentomino_o4
D:2:      nemelex_xobeh_ov_fountains_minmay, minmay_misc_feat_nine_boxes,
          tgw_trog, uniq_robin
D:3:      kennysheep_generic_room_14
D:4:      nicolae_tso_besieged_by_evil
D:5:      nicolae_overflow_hidden_temple, first_ration, uniq_sigmund,
          uniq_crazy_yiuf_cottage
D:7:      minitemple, minmay_temple_entry_mist, gammafunk_ghost_smash,
          uniq_harold, uniq_menkaure
D:8:      zaba_anthell
D:10:     serial_shops, nicolae_shop_waterfront, grunt_livestock, fedhas_altar_2
D:11:     grunt_lair_entry_orc_guard_hut, portal_ice_cave_entry_pillars_2,
          serial_rivers, chequers_serial_rivers_micro_e,
          chequers_serial_rivers_room_b, chequers_serial_rivers_room_b,
          chequers_serial_rivers_micro_e, chequers_serial_rivers_large_a,
          chequers_serial_rivers_small_a
Temple:   regret_index_temple_generic_petals
IceCv:    ice_cave_small_giant

Skill      XL: |  1  2  3  4  5  6  7  8  9 10 11 |
---------------+----------------------------------+-----
Armour         | 1 2 4 |  4.3
Short Blades   | 1 2 4 6 8 |  8.0
Evocations     | 5 7 9 11 12 13 15 | 15.9
Stealth        | 2 4 6 8 |  8.0
Fighting       | 1 2 4 |  4.0
Dodging        | 4 |  4.3
Shields        | 5 8 |  8.3
Necromancy     | 1 3 |  3.2

Action                   |  1- 3 |  4- 6 |  7- 9 | 10-12 || total
-------------------------+-------+-------+-------+-------++-------
Melee: Short sword       |   255 |    37 |       |       ||   292
       Dagger            |       |    64 |   635 |  1799 ||  2498
 Fire: Hunting sling     |       |   201 |    60 |       ||   261
Invok: Call Merchant     |       |       |       |     1 ||     1
       Potion Petition   |       |       |       |     2 ||     2
 Abil: Heal Wounds       |       |     4 |    18 |    65 ||    87
Evoke: Wand              |     4 |    22 |    38 |    51 ||   115
  Use: Scroll            |     7 |     7 |     2 |     8 ||    24
       Potion            |     1 |     1 |       |     6 ||     8
 Stab: Paralysed         |       |     2 |       |       ||     2
       Confused          |       |       |     1 |     3 ||     4
       Distracted        |       |       |     1 |     8 ||     9
       Invisible         |       |       |       |     5 ||     5
  Eat: Chunk             |     2 |     7 |     9 |       ||    18
       Ration            |       |       |     1 |     9 ||    10
Armor: Scale mail        |   136 |   137 |   116 |       ||   389
       Leather armour    |     1 |       |       |       ||     1
       Chain mail        |       |       |   198 |   907 ||  1105
Dodge: Dodged            |   160 |   142 |   268 |   507 ||  1077
Block: Shield            |       |       |       |   839 ||   839

Table legend:
 A = Non-vault XP
 B = Vault XP
 C = Vault XP percentage of total XP
 D = Non-vault monster count
 E = Vault monster count
 F = Vault count percentage of total count
                 A         B        C        D         E       F
            +---------+---------+-------+---------+---------+-------
      Total |   11928 |   10509 |  46.8 |     217 |     104 |  32.4
            +---------+---------+-------+---------+---------+-------
        D:1 |      45 |       4 |   8.2 |      24 |       2 |   7.7
        D:2 |      36 |      53 |  59.6 |      16 |      16 |  50.0
        D:3 |     295 |      14 |   4.5 |      32 |       1 |   3.0
        D:4 |     310 |      20 |   6.1 |      10 |      11 |  52.4
        D:5 |     587 |     264 |  31.0 |      18 |       2 |  10.0
        D:6 |     641 |     151 |  19.1 |      14 |       1 |   6.7
        D:7 |    1579 |    1200 |  43.2 |      26 |       2 |   7.1
        D:8 |    1158 |    3115 |  72.9 |      21 |      41 |  66.1
        D:9 |     893 |       0 |   0.0 |      20 |       0 |   0.0
       D:10 |    2256 |     955 |  29.7 |      16 |       5 |  23.8
       D:11 |    4128 |     143 |   3.3 |      20 |       1 |   4.8
      IceCv |       0 |    4590 | 100.0 |       0 |      22 | 100.0
            +---------+---------+-------+---------+---------+-------
